 Dungeon Crawl Stone Soup version 0.17.0-23-g0de4337 (webtiles) character file.

9 Kolbur the Chopper (level 2, -1/20 HPs)
             Began as a Halfling Berserker on Nov 13, 2015.
             Was a Follower of Trog.
             Slain by an orc
             ... wielding a +0 mace
              (2 damage)
             ... on level 3 of the Dungeon.
             The game lasted 00:04:33 (337 turns).

Kolbur the Chopper (Halfling Berserker)              Turns: 337, Time: 00:04:33

Health: -1/20      AC:  2    Str: 17    XL:     2   Next: 20%
Magic:  2/2        EV: 14    Int: 11    God:    Trog [*.....]
Gold:   24         SH:  0    Dex: 13    Spells: 0 memorised, 1 level left

rFire  . . .     SeeInvis .     a - +0 hand axe
rCold  + . .     Clarity  .     b - +0 animal skin
rNeg   . . .     SustAt   .     (shield restricted)
rPois  .         Gourm    .     (no helmet)
rElec  .         Spirit   .     (no cloak)
rCorr  .         Warding  .     (no gloves)
rMut   .         Stasis   .     (no boots)
MR     .....                    (no amulet)
Stlth  +.........               (no ring)
                                e - ring of protection from cold

@: confused, brilliant, exhausted, flying, slowed, very slow, not resistant to
hostile enchantments, very unstealthy
A: mutation resistance 1
a: Berserk, Burn Spellbooks, Renounce Religion


You were on level 3 of the Dungeon.
You worshipped Trog.
Trog was aware of your devotion.
You were not hungry.

You visited 1 branch of the dungeon, and saw 3 of its levels.

You collected 24 gold pieces.

Inventory:

Hand Weapons
 a - a +0 hand axe (weapon)
 i - a +0 hunting sling
Missiles
 h - 2 throwing nets (quivered)
Armour
 b - a +0 animal skin (worn)
Jewellery
 e - a ring of protection from cold (left hand)
Scrolls
 f - a scroll of noise {unknown}
 g - a scroll of remove curse {unknown}
 k - a scroll of fear {unknown}
 l - a scroll of fog {unknown}
Potions
 d - a potion of brilliance
Comestibles
 c - a bread ration


   Skills:
 - Level 2.6 Fighting
 + Level 3.2 Axes
 - Level 2.1 Armour
 - Level 2.1 Dodging


You had one spell level left.
You didn't know any spells.

Dungeon Overview and Level Annotations

Branches:
Dungeon (3/15)

Altars:

Annotations:
D:3 Sigmund


Innate Abilities, Weirdness & Mutations

You are small and have problems with some larger weapons.
You are somewhat resistant to further mutation.


Message History

You are exhausted.
You feel yourself slow down. Sigmund hits you with a scythe!
Ouch! That really hurt!
* * * LOW HITPOINT WARNING * * *
Unknown command.
You aren't carrying any items that can be evoked.
Unknown command.
Unknown command.
Drink which item? (? for menu, Esc to quit)
It was a potion of brilliance.
You feel clever all of a sudden. The orc hits you with a mace.
* * * LOW HITPOINT WARNING * * *
Sigmund points at you and mumbles some strange words.
You are confused.
Drink which item? (? for menu, Esc to quit)
It was a potion of flight.
You feel very buoyant.
You fly up into the air.
The orc hits you with a mace.
You die...

# ..%. .##...
..#.. #.#.
#####.o#
#....o.##
####..@oo..####
.......@†.....#
).......(.......
.........##.#...
.........# .. .
.........# ...
.........# ..
.....##### #
..... #####


You could see Sigmund and 4 orcs.

Vanquished Creatures
  An orc (D:3)
  2 kobolds
  2 bats (D:1)
  A giant newt (D:1)
  2 goblins
  A rat (D:1)
9 creatures vanquished.

Vanquished Creatures (others)
  7 toadstools (D:1)
7 creatures vanquished.

Grand Total: 16 creatures vanquished

Notes
Turn   | Place    | Note
--------------------------------------------------------------
     0 | D:1      | Kolbur the Halfling Berserker began the quest for the Orb.
     0 | D:1      | Reached XP level 1. HP: 15/15 MP: 1/1
   261 | D:2      | Reached skill level 3 in Axes
   314 | D:3      | Reached XP level 2. HP: 20/20 MP: 2/2
   321 | D:3      | Noticed Sigmund
   336 | D:3      | HP: 1/20 [orc/mace (4)]
   337 | D:3      | Slain by an orc

Action                   || total
-------------------------++-------
Melee: Hand axe          ||    39
Invok: Berserk           ||     1
  Use: Potion            ||     2
 Stab: Sleeping          ||     1

Vault maps used:
D:1:      nagdon_arrival_double_spiral, kennysheep_minor_cross
D:2:      grunt_decor_resistance, minmay_misc_feat_more_columns, uniq_natasha
D:3:      uniq_sigmund

Table legend:
 A = Turns spent in this place as a percentage of turns spent in the entire game.
 B = Non-inter-level travel turns spent in this place as a percentage of non-inter-level travel turns spent in the entire game.
 C = Inter-level travel turns spent in this place as a percentage of turns spent in this place.
 D = Turns resting spent in this place as a percentage of non-inter-level travel turns spent in this place.
 E = Turns spent auto-exploring this place as a percentage of non-inter-level travel turns spent in this place.
 F = Non-inter-level travel turns spent in this place divided by the number of levels of this place that you've seen.
                   A       B       C       D       E      F
               +-------+-------+-------+-------+-------+----------------------
         Total | 100.0 | 100.0 |   0.3 |   0.0 |   0.0 |  95.7
       Dungeon | 100.0 | 100.0 |   0.3 |   0.0 |   0.0 |  95.7
               +-------+-------+-------+-------+-------+----------------------
